 Dungeon Crawl Stone Soup version 0.25-a0-1133-g93ebf739aa (webtiles) character file.

Game seed: 1542555130711206787, levelgen mode: deterministic

191 Haddock08 the Magician (level 5, -2/28 HPs)
             Began as a Deep Elf Fire Elementalist on May 13, 2020.
             Blown up by Pikel (30 damage)
             ... with a disintegration bolt
             ... on level 4 of the Dungeon on May 21, 2020.
             The game lasted 00:13:25 (3838 turns).

Haddock08 the Magician (Deep Elf Fire Elementalist) Turns: 3838, Time: 00:13:25

Health: -2/28      AC:  3    Str:  5    XL:     5   Next: 41%
Magic:  14/14      EV: 13    Int: 21    God:
Gold:   102        SH:  0    Dex: 15    Spells: 3/14 levels left

rFire    . . .     SeeInvis .   i - +0 dagger (venom)
rCold    . . .     Gourm    .   (no shield)
rNeg     . . .     Faith    .   a - +0 robe
rPois    .         Spirit   .   m - +0 helmet
rElec    .         Reflect  .   (no cloak)
rCorr    .         Harm     .   (no gloves)
MR       .....                  (no boots)
Stlth    ++........             (no amulet)
HPRegen  0.09/turn              (no ring)
MPRegen  0.14/turn              (no ring)

@: lightly drained
A: no striking features
a: no special abilities


You were on level 4 of the Dungeon.
You were very hungry.

You visited 1 branch of the dungeon, and saw 4 of its levels.

You collected 102 gold pieces.

Inventory:

Hand Weapons
 e - a +0 dagger
 i - a +0 dagger of venom (weapon)
 l - a +2 dagger of draining
 p - a +0 trident
Armour
 a - a +0 robe (worn)
 m - a +0 helmet (worn)
Wands
 o - a wand of paralysis (7)
Scrolls
 b - a scroll of amnesia {unknown}
 f - a scroll of noise {unknown}
 g - a scroll of blinking {unknown}
 h - a scroll of fear {unknown}
 j - a scroll of teleportation
 n - a scroll of remove curse {unknown}
 q - a scroll of identify {unknown}
Potions
 d - a potion of berserk rage {unknown}
 k - a potion of curing {unknown}
 r - a potion of heal wounds {unknown}
 t - a potion of haste {unknown}
Comestibles
 c - 10 rations


   Skills:
 - Level 2.4 Dodging
 - Level 2.4 Stealth
 + Level 5.0 Spellcasting
 + Level 3.4 Conjurations
 + Level 4.7 Fire Magic


You had 3 spell levels left.
You knew the following spells:

 Your Spells              Type           Power        Failure   Level  Hunger
a - Foxfire               Conj/Fire      ###.         1%          1    None
b - Conjure Flame         Conj/Fire      ###.....     6%          3    ##.....
c - Inner Flame           Hex/Fire       ###.....     12%         3    ##.....
d - Sticky Flame          Conj/Fire      ###.....     21%         4    ####...

Your spell library contained the following spells:

 Spells                   Type           Power        Failure   Level  Hunger
 Fireball                 Conj/Fire      ###.......   50%         5    #####..


Dungeon Overview and Level Annotations

Branches:
Dungeon (4/15)
 Temple: D:4-7

Altars:
Ashenzari
Kikubaaqudgha
Nemelex Xobeh
Vehumet

Annotations:
D:2 Sigmund
D:4 Pikel


Message History

[Y]es or [N]o only, please.
The spell is quite dangerous to cast (6% risk of failure)!
Continue anyway? [Y]es or [N]o only, please.
The spell is quite dangerous to cast (6% risk of failure)!
Continue anyway?
Okay, then.
Casting: Conjure Flame (quite dangerous; 6% risk of failure)
Confirm with . or Enter, or press ? or * to list all spells.
The spell is quite dangerous to cast (6% risk of failure)!
Continue anyway?
The fire begins to smolder!
You are feeling very hungry.
The fire ignites!
The slave shouts!
The slave barely misses you. The slave barely misses you.
A slave comes into view.
Pikel shouts!
The slave shouts!
The slave closely misses you.
Pikel zaps a wand.
You are blasted!
Ouch! That really hurt!
You die...

........ #.#..#
....... #.#..######
...... #.#.......#
.#... #.....###.#
....#### #....pK.#.#
.......# #.....#.#.#
...>...###.....#.#p#
.............<.#.#.#
........###..#.#@#.#
##...##........#.#.#
##..##.....#....#.#
#..##.#....#####.#
##..#.#.##.p.....#
#..#.#...<#######
.....###### ......
..#.##


You could see Pikel.

Vanquished Creatures
  A slave (D:3)
  A wyvern skeleton (D:3)
  Jessica (D:2)
  A hound skeleton (D:4)
  3 adders
  An ooze (D:1)
  A dart slug (D:1)
  A leopard gecko (D:3)
  4 orcs (D:3)
  5 bats
  3 giant cockroaches (D:1)
  5 goblins
  11 hobgoblins
  3 jackals (D:1)
  8 kobolds
  A quokka (D:3)
  7 frilled lizards
  6 rats
63 creatures vanquished.

Vanquished Creatures (others)
  108 foxfires
108 creatures vanquished.

Grand Total: 171 creatures vanquished

Notes
Turn   | Place    | Note
-------+----------+-------------------------------------------
     0 | D:1      | Haddock08 the Deep Elf Fire Elementalist began the quest
                  | for the Orb.
     0 | D:1      | Reached XP level 1. HP: 10/10 MP: 6/6
   448 | D:1      | Reached XP level 2. HP: 15/15 MP: 5/8
  1063 | D:1      | Reached XP level 3. HP: 18/19 MP: 8/10
  1564 | D:1      | Upgraded the game from 0.25-a0-1036-g6f112fb28d to
                  | 0.25-a0-1133-g93ebf739aa
  1668 | D:2      | Learned a level 3 spell: Conjure Flame
  1756 | D:2      | Found a radiant altar of Vehumet.
  1872 | D:2      | Reached skill level 4 in Spellcasting
  1907 | D:2      | Noticed Sigmund
  1915 | D:2      | Found a sparkling altar of Nemelex Xobeh.
  1939 | D:2      | Noticed Jessica
  1944 | D:2      | Killed Jessica
  1944 | D:2      | Reached XP level 4. HP: 24/24 MP: 10/12
  2242 | D:3      | Reached XP level 5. HP: 3/28 MP: 8/14
  3070 | D:2      | Found a shattered altar of Ashenzari.
  3075 | D:2      | Found an ancient bone altar of Kikubaaqudgha.
  3316 | D:3      | Reached skill level 5 in Spellcasting
  3626 | D:4      | Learned a level 3 spell: Inner Flame
  3631 | D:4      | Learned a level 4 spell: Sticky Flame
  3652 | D:4      | Noticed a slave
  3652 | D:4      | Noticed a slave
  3653 | D:4      | Noticed a slave
  3655 | D:4      | Noticed Pikel
  3683 | D:3      | Killed a slave
  3832 | D:4      | Noticed a slave
  3838 | D:4      | Blown up by Pikel

Illustrated notes

Levels and vault maps discovered:
D:1:      psy_arrival_whirlpool, layout_basic, due_unseen_surprise
D:2:      layout_loops_ring, nicolae_overflow_hidden_temple,
          nemelex_xobeh_ov_fountains_minmay, uniq_jessica, uniq_sigmund
D:3:      layout_loops_corners, first_ration
D:4:      layout_basic, kennysheep_mini_moat, uniq_eustachio, uniq_pikel,
          uniq_crazy_yiuf_cottage

Skill      XL: |  1  2  3  4  5 |
---------------+----------------+-----
Conjurations   | 2 3 |  3.4
Spellcasting   | 4 5 |  5.0
Fire Magic     | 4 |  4.7
Dodging        | |  2.4
Stealth        | |  2.4

Action                   |  1- 3 |  4- 6 || total
-------------------------+-------+-------++-------
Melee: Unarmed           |     9 |       ||     9
       Dagger            |    13 |    47 ||    60
 Cast: Foxfire           |    59 |    26 ||    85
       Conjure Flame     |       |     3 ||     3
       Sticky Flame      |       |     1 ||     1
  Use: Scroll            |       |     1 ||     1
 Stab: Sleeping          |     3 |     4 ||     7
  Eat: Chunk             |     3 |     5 ||     8
Armor: Robe              |     8 |    14 ||    22
Dodge: Dodged            |    32 |    54 ||    86

Table legend:
 A = Non-vault XP
 B = Vault XP
 C = Vault XP percentage of total XP
 D = Non-vault monster count
 E = Vault monster count
 F = Vault count percentage of total count
                 A         B        C        D         E       F
            +---------+---------+-------+---------+---------+-------
      Total |     236 |      37 |  13.6 |      61 |       1 |   1.6
            +---------+---------+-------+---------+---------+-------
        D:1 |      59 |       0 |   0.0 |      31 |       0 |   0.0
        D:2 |      24 |      37 |  60.7 |       9 |       1 |  10.0
        D:3 |     133 |       0 |   0.0 |      20 |       0 |   0.0
        D:4 |      20 |       0 |   0.0 |       1 |       0 |   0.0
            +---------+---------+-------+---------+---------+-------
